 Dungeon Crawl Stone Soup version 0.23.2-40-g277498a001 (webtiles) character file.

Game seed: 17180762330235389757

27 Curus the Poker (level 3, 0/29 HPs)
             Began as a Merfolk Abyssal Knight on Oct 20, 2019.
             Was a Follower of Lugonu.
             Slain by an adder (2 damage)
             ... on level 2 of the Dungeon.
             The game lasted 00:02:57 (968 turns).

Curus the Poker (Merfolk Abyssal Knight)             Turns: 968, Time: 00:02:57

Health: 0/29       AC:  2    Str:  9 (12) XL:     3   Next: 10%
Magic:  4/4        EV: 12    Int:  9 (11) God:    Lugonu [*.....]
Gold:   54         SH:  0    Dex: 12 (14) Spells: 2/2 levels left

rFire    . . .     SeeInvis +   a - +1 spear
rCold    . . .     Gourm    .   (no shield)
rNeg     . . .     Faith    .   b - +1 leather armour
rPois    .         Spirit   .   (no helmet)
rElec    .         Reflect  .   (no cloak)
rCorr    .         Harm     .   (no gloves)
MR       .....                  (no boots)
Stlth    +.........             (no amulet)
HPRegen  0.09/turn              d - ring of see invisible
MPRegen  0.09/turn              (no ring)

@: lethally poisoned (0 -> -9)
A: change form in water, swift swim, stealthy swim, deformed body, low mp 1,
evolution 1
a: Depart the Abyss, Renounce Religion


You were on level 2 of the Dungeon.
You worshipped Lugonu.
Lugonu was aware of your devotion.
You were not hungry.

You visited 1 branch of the dungeon, and saw 2 of its levels.
You visited the Abyss 1 time.

You collected 54 gold pieces.

Inventory:

Hand Weapons
 a - a +1 spear (weapon)
Armour
 b - a +1 leather armour (worn)
Jewellery
 d - a ring of see invisible (left hand)
Scrolls
 f - a scroll of amnesia {unknown}
Potions
 e - a potion of degeneration
Comestibles
 c - 4 rations


   Skills:
 - Level 3.2 Fighting
 + Level 4.2 Polearms
 - Level 0.6 Armour
 - Level 2.6 Dodging
 + Level 2.9 Invocations


You had 2 spell levels left.
You didn't know any spells.
Your spell library was empty.

Dungeon Overview and Level Annotations

Branches:
Dungeon (2/15)

Altars:


Innate Abilities, Weirdness & Mutations

You revert to your normal form in water You are very nimble and swift while swimming.
You are very stealthy in the water. (Stealth+)
Armour fits poorly on your strangely shaped body.
Your magical capacity is low. (-10% MP)
You evolve.


Message History

You barely miss the adder.
The adder is severely wounded.
The adder bites you. x2
You are more poisoned.
The adder poisons you!
You closely miss the adder.
The adder is severely wounded.
You feel sick. The adder bites you.
* * * LOW HITPOINT WARNING * * *
You are more poisoned.
The adder poisons you!
You closely miss the adder.
The adder is severely wounded.
* * * LOW HITPOINT WARNING * * *
You feel sick. The adder closely misses you.
You completely miss the adder.
The adder is severely wounded.
* * * LOW HITPOINT WARNING * * *
You feel sick. The adder bites you.
You die...

#%##.##.###.####
#....<..#.......
#...........#
#...........#
#...........####
#.........)....#
#........#.###.#.
........#.........#
........#..@#.###.###
..#####....S..# ..
####.##.# ..##.# .##
#.# #. #.# . .# #.


You could see an adder.

Vanquished Creatures
  A worm (D:2)
  A leopard gecko (D:1)
  5 bats (D:1)
  2 giant cockroaches (D:1)
  3 hobgoblins (D:1)
  A ball python (D:1)
  A frilled lizard (D:1)
  A goblin (D:1)
  4 kobolds (D:1)
  4 rats (D:1)
23 creatures vanquished.

Notes
Turn   | Place    | Note
-------+----------+-------------------------------------------
     0 | Abyss:1  | Curus the Merfolk Abyssal Knight began the quest for the
                  | Orb.
     0 | Abyss:1  | Reached XP level 1. HP: 18/18 MP: 2/2
   175 | Abyss:1  | Noticed a thrashing horror
   176 | D:1      | Escaped the Abyss
   283 | D:1      | Reached XP level 2. HP: 23/24 MP: 3/3
   338 | D:1      | Reached * piety under Lugonu
   425 | D:1      | Reached skill level 4 in Polearms
   452 | D:1      | Gained mutation: Your magical capacity is low. (-10% MP)
                  | [potion of mutation]
   452 | D:1      | Gained mutation: Armour fits poorly on your strangely
                  | shaped body. [potion of mutation]
   452 | D:1      | Gained mutation: You evolve. [potion of mutation]
   780 | D:1      | Reached XP level 3. HP: 29/29 MP: 4/4
   968 | D:2      | Slain by an adder

Skill      XL: |  1  2 |
---------------+-------+-----
Polearms       | 4 |  4.2
Fighting       | |  3.2
Armour         | |  0.6
Dodging        | |  2.6
Invocations    | |  2.9

Action                   || total
-------------------------++-------
Melee: Spear             ||    88
Invok: Depart the Abyss  ||     1
  Use: Scroll            ||     6
       Potion            ||     3
 Stab: Sleeping          ||     2
Armor: Leather armour    ||    14
Dodge: Dodged            ||    38
